 Dungeon Crawl Stone Soup version 0.17-a0-1007-gb2305a1 (webtiles) character file.

130 BluebellGnoll the Ruffian (level 4, -5/44 HPs)
             Began as a Troll Berserker on May 13, 2015.
             Was a Believer of Trog.
             Slain by Sigmund
             ... wielding a +0 scythe
              (15 damage)
             ... on level 2 of the Dungeon.
             The game lasted 00:05:25 (1105 turns).

BluebellGnoll the Ruffian (Troll Berserker)         Turns: 1105, Time: 00:05:25

Health: -5/44      AC:  5    Str: 24    XL:     4   Next: 89%
Magic:  3/3        EV: 10    Int:  3    God:    Trog [**....]
Gold:   74         SH:  0    Dex:  9    Spells: 0 memorised, 3 levels left

rFire  . . .     SeeInvis .       - Unarmed
rCold  + . .     Clarity  .     a - +0 animal skin
rNeg   . . .     SustAb   .     (no shield)
rPois  .         Gourm    +     (helmet restricted)
rElec  .         Spirit   .     (no cloak)
rCorr  .         Warding  .     (gloves unavailable)
rMut   .         Stasis   .     (boots unavailable)
MR     +....                    (no amulet)
Stlth  +.........               (no ring)
                                (no ring)

@: confused, exhausted, very slightly contaminated, slowed, invisible, very
slow, somewhat resistant to hostile enchantments, very unstealthy
A: unfitting armour, claws 3, cold resistance 1, fast metabolism 3, gourmand,
magic resistance 1, regeneration 2, shaggy fur 1, tough skin 2, weak 1
a: Burn Spellbooks, Berserk, Trog's Hand, Renounce Religion


You were on level 2 of the Dungeon.
You worshipped Trog.
Trog was pleased with you.
You were very full.

You visited 1 branch of the dungeon, and saw 2 of its levels.

You collected 74 gold pieces.

Inventory:

Missiles
 c - 80 stones (quivered)
 k - 13 poisoned needles
Armour
 a - a +0 animal skin (worn)
Magical devices
 u - a wand of invisibility (6)
Scrolls
 h - 4 scrolls of remove curse
 n - a scroll of blinking
 o - 2 scrolls of fear
Potions
 f - a potion of agility
 l - a potion of might
 q - a potion of magic {unknown}
Comestibles
 b - 2 bread rations
 j - a meat ration
 t - a beef jerky


   Skills:
 - Level 2.4 Fighting
 - Level 2.4 Dodging
 + Level 5.6 Unarmed Combat


You had 3 spell levels left.
You didn't know any spells.

Dungeon Overview and Level Annotations

Branches:
Dungeon (2/15)

Altars:

Annotations:
D:2 Sigmund


Innate Abilities, Weirdness & Mutations

You are too large for most types of armour.
You have claws for hands.
Your metabolism is lightning-fast.
You like to eat raw meat.
You heal very quickly.
You are covered in fur (AC +1).
You have very tough skin (AC +2).
Your flesh is cold resistant.
You are resistant to hostile enchantments.
You are weak. (Str -2)


Message History

You are confused.
You're too confused to move!
Something hits you!
You miss something. Something hits you. Something hits you!
You feel less confused.
A puff of flame appears from out of thin air!
The puff of flame hits you!
* * * LOW HITPOINT WARNING * * *
Unknown command.
Drink which item? (? for menu, Esc to quit)
You fade into invisibility!
You hear some strange, mumbled words.
You are confused.
You are very lightly contaminated with residual magic.
Drink which item? (? for menu, Esc to quit)
It was a potion of mutation.
You feel extremely strange.
You feel resistant to cold.
You feel weaker.
You feel resistant to hostile enchantments.
Something hits you!
You die...

####### #># .....>#
#.. .# #####.# #.# .#
# #.# #.# .#.# #)#
#.###.#.# #.#
#.!.....# #.#
####.......#
#.####..........#.#
#...##.##...@.....#
###.##.##.......###
#.............#
#.................#
(.............#####.#
##.###......[## #.# #
#........# ##
....###.#.# ##.#.#
.##.


There were no monsters in sight!

Vanquished Creatures
  Ijyb (D:2)
  Terence (D:2)
  A gnoll (D:2)
  2 adders
  An ooze (D:2)
  2 worms (D:2)
  A bat (D:1)
  4 giant cockroaches
  6 hobgoblins
  4 kobolds
  A quokka (D:2)
  3 giant geckos
  4 giant newts
  4 goblins
  5 rats
40 creatures vanquished.

Notes
Turn   | Place    | Note
--------------------------------------------------------------
     0 | D:1      | BluebellGnoll the Troll Berserker began the quest for the Orb.
     0 | D:1      | Reached XP level 1. HP: 22/22 MP: 0/0
   200 | D:1      | Reached XP level 2. HP: 18/29 MP: 1/1
   296 | D:1      | Reached skill level 4 in Unarmed Combat
   578 | D:2      | Reached XP level 3. HP: 29/36 MP: 2/2
   738 | D:2      | Noticed Ijyb
   741 | D:2      | Killed Ijyb
   741 | D:2      | Reached skill level 5 in Unarmed Combat
   741 | D:2      | Reached XP level 4. HP: 44/44 MP: 3/3
   842 | D:2      | Acquired Trog's second power
  1020 | D:2      | Noticed Terence
  1032 | D:2      | Killed Terence
  1082 | D:2      | Noticed Sigmund
  1105 | D:2      | Gained mutation: Your flesh is cold resistant. [potion of mutation]
  1105 | D:2      | Gained mutation: You are weak. (Str -2) [potion of mutation]
  1105 | D:2      | Gained mutation: You are resistant to hostile enchantments. [potion of mutation]
  1105 | D:2      | Slain by Sigmund

Vault maps used:
D:1:      matt_arrival_los_fun
D:2:      minmay_ruptured, uniq_sigmund, uniq_iyjb, uniq_terence

Action                   |  1- 3 |  4- 6 || total
-------------------------+-------+-------++-------
Melee: Unarmed           |    70 |    44 ||   114
Throw: Stone             |    13 |     3 ||    16
Invok: Berserk           |     1 |     2 ||     3
  Use: Scroll            |       |     9 ||     9
       Potion            |       |     2 ||     2
  Eat: Chunk             |    12 |     5 ||    17
